 Dungeon Crawl Stone Soup version 0.21-a0-364-gbd1fde4 (webtiles) character file.

231 waterbugbear the Conjurer (level 5, -6/21 HPs)
             Began as a Felid Conjurer on Oct 14, 2017.
             Was an Initiate of Vehumet.
             Killed from afar by an orc wizard (10 damage)
             ... with a magic dart
             ... on level 4 of the Dungeon.
             The game lasted 00:25:46 (5832 turns).

waterbugbear the Conjurer (Felid Conjurer)          Turns: 5832, Time: 00:25:46

Health: -6/21      AC:  1    Str:  4    XL:     5   Next: 72%
Magic:  1/10       EV: 20    Int: 17    God:    Vehumet [......]
Gold:   173        SH:  0    Dex: 17    Spells: 4/10 levels left
                                        Lives:  0   Deaths: 1

rFire    . . .     SeeInvis +   (weapon unavailable)
rCold    . . .     Gourm    .   (shield unavailable)
rNeg     . . .     Faith    .   (armour unavailable)
rPois    .         Spirit   .   (helmet unavailable)
rElec    .         Reflect  .   (cloak unavailable)
rCorr    .         Harm     .   (gloves unavailable)
MR       .....                  (boots unavailable)
Stlth    +++.......             (no amulet)
HPRegen  0.07/turn              (no ring)
MPRegen  0.12/turn              (no ring)

@: very slightly contaminated, quick
A: no armour, no weapons or thrown items, stealth, claws 1, fangs 3, see
invisible, carnivore 3, speed 1, shaggy fur 1, slow metabolism 1, sharp paws
a: Renounce Religion


You were on level 4 of the Dungeon.
You worshipped Vehumet.
Vehumet was noncommittal.
You were not hungry.

You visited 2 branches of the dungeon, and saw 5 of its levels.

You collected 173 gold pieces.

Inventory:

Jewellery
 n - an uncursed ring of protection from cold {unknown}
Scrolls
 d - 3 scrolls of magic mapping
 f - a scroll of enchant weapon {unknown}
 h - 2 scrolls of recharging {unknown}
 i - a scroll of enchant armour {unknown}
 j - 5 scrolls of teleportation
 k - a scroll of immolation {unknown}
 m - a scroll of amnesia {unknown}
 o - a scroll of remove curse {unknown}
 p - 2 scrolls of blinking {unknown}
 s - 2 scrolls of fear {unknown}
Potions
 c - a potion of haste {unknown}
 l - 2 potions of agility
 q - a potion of lignification {unknown}
 r - a potion of heal wounds {unknown}
Books
 a - a book of Conjurations

   Spells                             Type                      Level
   a - Magic Dart                     Conjuration                  1
   b - Searing Ray                    Conjuration                  2
   c - Dazzling Spray                 Conjuration/Hexes            3
   d - Fulminant Prism                Conjuration/Hexes            4
   e - Force Lance                    Conjuration/Translocation    4
   f - Iskenderun's Mystic Blast      Conjuration                  4
 e - a book of Misfortune

   Spells                             Type                      Level
   a - Confusing Touch                Hexes                        1
   b - Confuse                        Hexes                        3
   c - Gell's Gravitas                Translocation                3
   d - Petrify                        Transmutation/Earth          4
   e - Metabolic Englaciation         Hexes/Ice                    5
   f - Yara's Violent Unravelling     Hexes/Transmutation          5
Comestibles
 b - 6 meat rations


   Skills:
 + Level 4.4 Dodging
 + Level 4.6 Stealth
 + Level 3.1 Spellcasting
 * Level 5.0 Conjurations
 + Level 2.2 Hexes


You had 4 spell levels left.
You knew the following spells:

 Your Spells              Type           Power        Failure   Level  Hunger
a - Magic Dart            Conj           ###.         2%          1    None
b - Confusing Touch       Hex            ##....       7%          1    None
c - Iskenderun's Mystic   Conj           ###.....     22%         4    ####...


Dungeon Overview and Level Annotations

Branches:
Dungeon (4/15)             Temple (1/1) D:4

Altars:
Ashenzari
Elyvilon
Gozag
Hepliaklqana
Kikubaaqudgha
Nemelex Xobeh
Sif Muna
Vehumet
Yredelemnul
The Shining One

Annotations:
D:2 exclusion: downstairs


Innate Abilities, Weirdness & Mutations

You cannot wear armour.
You are incapable of wielding weapons or throwing items.
Your paws allow you to move quietly. (Stealth)
You have sharp claws.
You have razor-sharp teeth.
You have supernaturally acute eyesight. (SInv)
You are carnivorous and can eat meat at any time.
You cover ground quickly.
You are covered in fur. (AC +1)
You have a slow metabolism.
Your sharp claws are effective at attacking unaware monsters.


Message History

The puff of flame hits you!
* * * LOW HITPOINT WARNING * * *
The orc wizard barely misses you.
Things that are here:
a dagger; a robe; an orc corpse You scratch the orc wizard.
Your bite misses the orc wizard.
The orc wizard is lightly wounded.
You scratch the orc wizard but do no damage.
The orc wizard is moderately wounded.
You scratch the orc wizard but do no damage.
The orc wizard is moderately wounded.
The orc wizard hits you with a dagger.
* * * LOW HITPOINT WARNING * * *
You scratch the orc wizard. Your bite misses the orc wizard.
The orc wizard is moderately wounded.
The orc wizard points at you and mumbles some strange words.
You easily resist.
The orc wizard casts a spell at you. The magic dart hits you!
You die...

,,,,,,,,* #...................#
,,,,,**,*####o............)...#
,,,,,**,*#....................#**
,,,,,**,*#....#######....####..,,
*,,,,,.........*#####.).......#**
******##..<...$.,..##)<.####### *
****,,.........###.##...# *
,,,*,*####....####.##...# *
,*,*,****#...##.@.....,,*,,,#......o.......##
******* ******,..######).......# *,,,,,,
**,** #......o^...# *,****, *,,*
#.###.......#***,****, **,**#,*
##......#,,,,,,**, *,,,,,* ##...[...**,*,**,


You could see 2 orc wizards.

Vanquished Creatures
  Blork the orc (D:4)
  A jelly (D:3)
  Crazy Yiuf (D:2)
  An orc priest (D:3)
  An orc wizard (D:4)
  A worker ant (D:4)
  4 adders
  An adder skeleton (D:4)
  A dart slug (D:1)
  2 leopard geckos
  6 orcs
  3 giant cockroaches
  5 goblins
  10 hobgoblins
  3 jackals (D:3)
  12 kobolds
  2 ball pythons
  5 bats
  4 frilled lizards
  5 rats
69 creatures vanquished.

Notes
Turn   | Place    | Note
-------+----------+-------------------------------------------
     0 | D:1      | waterbugbear the Felid Conjurer began the quest for the Orb.
     0 | D:1      | Reached XP level 1. HP: 7/7 MP: 4/4
   403 | D:1      | Reached XP level 2. HP: 11/11 MP: 4/6
  1519 | D:2      | Reached skill level 4 in Conjurations
  1576 | D:1      | Reached XP level 3. HP: 7/14 MP: 1/7
  2784 | D:2      | Found a basalt altar of Yredelemnul.
  2823 | D:2      | Found a runed door.
  3069 | D:2      | Noticed Crazy Yiuf
  3272 | D:2      | Killed Crazy Yiuf
  3272 | D:2      | Reached XP level 4. HP: 9/18 MP: 0/8
  3880 | D:2      | Learned a level 1 spell: Confusing Touch
  3885 | D:2      | Learned a level 4 spell: Iskenderun's Mystic Blast
  3981 | D:3      | Reached XP level 5. HP: 21/21 MP: 3/10
  4129 | D:3      | Reached skill level 1 in Hexes
  4500 | D:3      | Killed from afar by an orc priest
  4501 | D:3      | Reached XP level 4. HP: -7/18 MP: 4/9
  4534 | D:3      | Found a faded altar of an unknown god.
  5104 | D:4      | Found a staircase to the Ecumenical Temple.
  5113 | Temple   | Entered the Ecumenical Temple
  5380 | D:4      | Noticed Blork the orc
  5511 | Temple   | Became a worshipper of Vehumet
  5633 | D:4      | Reached XP level 5. HP: 14/21 MP: 3/10
  5744 | D:4      | Killed Blork the orc
  5744 | D:4      | Reached skill level 5 in Conjurations
  5832 | D:4      | Killed from afar by an orc wizard

Vault maps used:
D:1:      roderic_octagonal_star, minmay_misc_feat_encased, solitary_fountain
D:2:      overflow_temple_1_default, first_bread, hangedman_decor_opposing,
          minmay_misc_feat_cross, uniq_crazy_yiuf_cottage
D:3:      chequers_ecumenical_altar_island
D:4:      okawaru_gym_becter, fedhas_altar_3, lemuel_temple_firewalk_b,
          uniq_blork_the_orc
Temple:   nicolae_temple_figure_zero

Skill      XL: |  1  2  3  4  5 |
---------------+----------------+-----
Stealth        | 3 4 |  4.6
Dodging        | 3 4 |  4.4
Conjurations   | 4 5 |  5.0
Hexes          | 2 |  2.2
Spellcasting   | 3 |  3.1

Action                   |  1- 3 |  4- 6 || total
-------------------------+-------+-------++-------
Melee: Unarmed           |     7 |    30 ||    37
       Bite              |     2 |     4 ||     6
 Cast: Magic Dart        |   107 |    98 ||   205
       Confusing Touch   |       |     5 ||     5
  Use: Scroll            |     3 |     2 ||     5
       Potion            |       |     1 ||     1
 Stab: Confused          |       |     4 ||     4
  Eat: Chunk             |    12 |     4 ||    16
Armor: Skin              |     2 |       ||     2
Dodge: Dodged            |    32 |    22 ||    54

Table legend:
 A = Spawn XP
 B = Non-spawn XP
 C = Spawn XP percentage of total XP
 D = Spawn monster count
 E = Non-spawn monster count
 F = Spawn count percentage of total count
 G = Total turns spent on level
                    A         B        C        D         E        F      G
               +---------+---------+-------+---------+---------+-------+---------
         Total |       0 |     447 |   0.0 |       0 |      69 |   0.0 |  5832
               +---------+---------+-------+---------+---------+-------+---------
           D:1 |       0 |      40 |   0.0 |       0 |      24 |   0.0 |  1864
           D:2 |       0 |     107 |   0.0 |       0 |      19 |   0.0 |  2051
           D:3 |       0 |     129 |   0.0 |       0 |      20 |   0.0 |  1215
           D:4 |       0 |     171 |   0.0 |       0 |       6 |   0.0 |   477
               +---------+---------+-------+---------+---------+-------+---------
